 Dungeon Crawl Stone Soup version 0.28-a0-957-g42eb19b844 (webtiles) character file.

Game seed: 206315567224123756

30709 ryw the Fighter (level 13, -11/105 HPs)
             Began as a Human Brigand on Nov 30, 2021.
             Was a High Priest of Dithmenos.
             Mangled by a komodo dragon (26 damage)
             ... on level 4 of the Lair of Beasts.
             The game lasted 00:38:16 (19349 turns).

ryw the Fighter (Human Brigand)                    Turns: 19349, Time: 00:38:16

Health: -11/105    AC:  9    Str: 11    XL:     13   Next: 90%
Magic:  18/18      EV: 18    Int: 18    God:    Dithmenos [*****.]
Gold:   622        SH:  0    Dex: 17    Spells: 14/19 levels left

rFire   . . .      SeeInvis .   t - +9 quick blade (spect)
rCold   . . .      Faith    +   (no shield)
rNeg    + . .      Spirit   .   A - +0 robe
rPois   .          Reflect  .   i - +1 helmet {Int+3}
rElec   .          Harm     .   c - +0 cloak
rCorr   .          Rampage  .   o - +2 pair of gloves
Will    +....                   H - +0 pair of boots
Stlth   +++++++...              J - amulet of faith
HPRegen 0.27/turn               j - ring of positive energy
MPRegen 0.16/turn               x - ring of willpower

@: wreathed by umbra
A: no striking features
a: Renounce Religion, Shadow Step, Shadow Form


You were on level 4 of the Lair of Beasts.
You worshipped Dithmenos.
Dithmenos was extremely pleased with you.
You visited 3 branches of the dungeon, and saw 16 of its levels.

You collected 622 gold pieces.

Inventory:

Hand Weapons
 t - a +9 spectral quick blade (weapon)
Missiles
 d - 61 poisoned darts (quivered)
 q - 2 curare-tipped darts
 r - a throwing net
 F - 2 boomerangs of dispersal
 N - 4 datura-tipped darts
Armour
 c - a +0 cloak (worn)
 i - a +1 helmet of intelligence (worn)
 o - a +2 pair of gloves (worn)
 A - a +0 robe (worn)
 H - a +0 pair of boots (worn)
Jewellery
 j - a ring of positive energy (left hand)
 x - a ring of willpower (right hand)
 G - a ring of flight
 J - an amulet of faith (around neck)
 L - a ring of see invisible
Wands
 e - a wand of flame (43)
 k - a wand of charming (12)
 l - a wand of paralysis (11)
 z - a wand of mindburst (5)
Scrolls
 n - 4 scrolls of blinking
 u - 2 scrolls of teleportation
 v - 3 scrolls of magic mapping
 y - 2 scrolls of fear
 C - 2 scrolls of enchant armour
 D - 8 scrolls of identify
 E - a scroll of enchant weapon
 I - 2 scrolls of noise {unknown}
 K - a scroll of silence {unknown}
 M - a scroll of acquirement
 O - 2 scrolls of amnesia {unknown}
Potions
 a - 3 potions of brilliance {unknown}
 f - a potion of invisibility
 g - a potion of mutation {unknown}
 h - 5 potions of curing
 m - a potion of flight
 p - 2 potions of lignification
 s - a potion of ambrosia
 w - 2 potions of might
 B - a potion of heal wounds {unknown}
 P - a potion of magic
Miscellaneous
 b - a phial of floods


   Skills:
 + Level 10.8 Fighting
 - Level 10.0 Short Blades
 - Level 8.0 Throwing
 + Level 10.8 Dodging
 + Level 9.5 Stealth
 - Level 3.5 Spellcasting
 + Level 7.3 Hexes
 + Level 4.3 Invocations


You had 14 spell levels left.
You knew the following spells:

 Your Spells              Type           Power      Damage    Failure   Level
a - Ensorcelled Hibernat  Hex/Ice        32%        N/A       5%          2
b - Summon Guardian Gole  Hex/Summ       16%        N/A       11%         3

Your spell library contained the following spells:

 Spells                   Type           Power      Damage    Failure   Level
 Portal Projectile        Hex/Tloc       32%        N/A       11%         3
 Beastly Appendage        Tmut           6%         N/A       16%         1
 Freeze                   Ice            12%        1d4       16%         1
 Sandblast                Erth           6%         2d5       16%         1
 Sting                    Tmut/Pois      12%        1d3       16%         1
 Summon Small Mammal      Summ           12%        N/A       16%         1
 Passwall                 Tmut/Erth      2%         N/A       24%         2
 Wereblood                Tmut           3%         N/A       24%         2
 Leda's Liquefaction      Hex/Erth       8%         N/A       34%         4
 Call Canine Familiar     Summ           3%         N/A       43%         3
 Conjure Flame            Conj/Fire      3%         6-21      43%         3
 Frozen Ramparts          Ice            6%         1d2       43%         3
 Ignite Poison            Fire/Tmut/Pois 3%         N/A       43%         3
 Mephitic Cloud           Conj/Pois/Air  3%         N/A       43%         3
 Ozocubu's Armour         Ice            3%         N/A       43%         3
 Spider Form              Tmut/Pois      3%         N/A       43%         3
 Stone Arrow              Conj/Erth      6%         3d7       43%         3
 Airstrike                Air            1%         N/A       83%         4
 Hailstorm                Conj/Ice       3%         3d3       83%         4
 Ice Form                 Ice/Tmut       3%         N/A       83%         4
 Sticky Flame             Conj/Fire      3%         2d3       83%         4
 Summon Lightning Spire   Summ/Air       3%         N/A       83%         4
 Lightning Bolt           Conj/Air       1%         1d12      99%         5
 Simulacrum               Ice/Necr       1%         N/A       100%        6
 Ozocubu's Refrigeration  Ice            1%         4d5       100%        7


Dungeon Overview and Level Annotations

Branches:
Dungeon (10/15)            Temple (1/1) D:4            Lair (5/6) D:8
 Shoals (0/4) Lair:3       Spider (0/4) Lair:3          Orc (0/2) D:10
  Slime: Lair:5-6

Altars:
Ashenzari
Cheibriados
Dithmenos
Fedhas
Gozag
Hepliaklqana
Kikubaaqudgha
Nemelex Xobeh
Okawaru
Qazlal
Sif Muna
Trog
Uskayaw
Vehumet
Wu Jian
Xom
Yredelemnul
Zin
The Shining One

Shops:
D:2 :

Annotations:
D:2 1 runed translucent door, Crazy Yiuf
D:6 3 runed translucent doors, ragingrage's ghost, novice MfGl


Message History

You completely miss the elephant.
The elephant is severely wounded.
Your +9 spectral quick blade hits the elephant!
You hit the elephant but do no damage.
The elephant is almost dead.
Your +9 spectral quick blade hits the elephant!
The elephant tramples your +9 spectral quick blade!
Your spectral weapon shares its damage with you!
Your +9 spectral quick blade is shoved backwards!
The komodo dragon completely misses you.
The elephant tramples you.
You hold your ground!
The elephant closely misses you.
There is a stone staircase leading down, spattered with blood here.
The komodo dragon barely misses you. The elephant misses you.
The elephant barely misses you. The komodo dragon bites you!
The elephant completely misses you.
The elephant trunk-slaps you but does no damage.
There is a stone staircase leading down, spattered with blood here.
You hit the komodo dragon.
The komodo dragon is lightly wounded.
Your +9 spectral quick blade hits the komodo dragon but does no damage.
Unknown command.
The komodo dragon bites you!
* * * LOW HITPOINT WARNING * * *
The elephant tramples you.
* * * LOW HITPOINT WARNING * * *
You stumble backwards!
Unknown command.
The elephant barely misses you. x2
You hit the elephant.
You kill the elephant!
Dithmenos accepts your kill. The komodo dragon closely misses you.
You see here an elephant corpse.
You hit the komodo dragon.
The komodo dragon is lightly wounded.
Your shadow hits the komodo dragon with a quick blade.
Your +9 spectral quick blade barely misses the komodo dragon.
The komodo dragon bites you!!
You die...

##..##(.....#....##..........##
#..................#.#.#.....#
#P...########....###+###.....##
##...#####.##................#.
##.............................
#...................†>.........
##...................†.........
##............l................
#............(@##.P###.#P....#.
##.............##### ##.......#
#...P.###.#.....#.#####......##
##..##.##.#....................
#..#P...##....#P............##
#........#...................#
#...#....#....#......P.......#
#.....###.....≈≈.............#
##....+####....≈≈≈...........##


You could see a komodo dragon and a friendly +9 spectral quick blade (summoned).

Vanquished Creatures
  6 hydras
  A two-headed ogre (D:10)
  3 death yaks
  Pikel (D:6)
  A manticore (D:8)
  2 elephants (Lair:4)
  A torpor snail (Lair:2)
  7 black mambas
  A rime drake (Lair:2)
  12 komodo dragons
  10 cane toads
  2 polar bears
  A hornet (D:7)
  2 dream sheep (Lair:2)
  14 blink frogs
  2 wyverns
  20 yaks
  2 shadows
  A tarantella (Lair:3)
  3 basilisks
  Menkaure (D:6)
  2 steam dragons
  Edmund (D:6)
  An acid dragon (D:10)
  9 water moccasins
  A black bear (D:8)
  2 ice beasts (D:7)
  3 orc warriors
  A necrophage (D:6)
  4 ogres
  17 wolves
  7 centaurs
  A lemure (D:5)
  2 kobold brigands
  4 phantoms
  7 bullfrogs
  A wyvern zombie (D:6)
  5 scorpions
  A water moccasin skeleton (D:5)
  4 troll zombies (D:10)
  2 howler monkeys
  A centaur zombie (D:9)
  3 hounds
  A jelly (D:6)
  6 orc priests
  A gnoll shaman (D:8)
  A bullfrog skeleton (D:5)
  3 iguanas
  8 orc wizards
  3 killer bee zombies
  4 ogre zombies (D:10)
  2 hound skeletons
  2 howler monkey zombies
  8 gnolls
  A howler monkey skeleton (D:7)
  9 adders
  A shadow imp (D:7)
  A white imp (D:6)
  5 worms
  A dart slug (D:3)
  20 orcs
  3 ball pythons
  6 bats
  3 endoplasms
  2 giant cockroaches
  7 goblins
  8 hobgoblins
  6 jackals
  5 quokkas
  4 frilled lizards
  2 goblin skeletons (D:10)
  3 goblin zombies (D:10)
  3 hobgoblin skeletons (D:10)
  A hobgoblin zombie (D:10)
  16 kobolds
  3 orc skeletons (D:10)
  12 orc zombies (D:10)
  9 rats
  A fungus (Lair:3)
343 creatures vanquished.

Vanquished Creatures (others)
  19 fungi
  38 plants
57 creatures vanquished.

Grand Total: 400 creatures vanquished

Notes
Turn   | Place    | Note
-------+----------+-------------------------------------------
     0 | D:1      | ryw the Human Brigand began the quest for the Orb.
     0 | D:1      | Reached XP level 1. HP: 16/16 MP: 1/1
    45 | D:1      | Found a faded altar of an unknown god.
   256 | D:1      | Reached XP level 2. HP: 22/22 MP: 2/2
  1347 | D:1      | Reached XP level 3. HP: 27/27 MP: 3/3
  1523 | D:2      | Found Efeump's Book Boutique.
  2316 | D:2      | Reached XP level 4. HP: 27/34 MP: 4/4
  2619 | D:2      | Found a runed translucent door.
  2620 | D:2      | Noticed Crazy Yiuf
  2916 | D:4      | Noticed a water moccasin
  2943 | D:3      | Reached XP level 5. HP: 24/39 MP: 5/5
  3593 | D:3      | Reached XP level 6. HP: 43/46 MP: 6/6
  3787 | D:3      | Killed a water moccasin
  4179 | D:4      | Reached XP level 7. HP: 52/52 MP: 7/7
  4230 | D:3      | Reached skill level 5 in Stealth
  4441 | D:4      | Found a staircase to the Ecumenical Temple.
  4537 | Temple   | Entered the Ecumenical Temple
  4606 | Temple   | Became a worshipper of Dithmenos the Shadowed
  4702 | D:4      | Found a broken altar of Ashenzari.
  4892 | D:5      | Entered Level 5 of the Dungeon
  4902 | D:5      | Reached skill level 5 in Short Blades
  5310 | D:5      | Reached XP level 8. HP: 60/60 MP: 8/8
  6470 | D:6      | Noticed a kobold demonologist
  6471 | D:6      | Found a runed translucent gate.
  6471 | D:6      | Found a runed translucent gate.
  6471 | D:6      | Found a runed translucent gate.
  6523 | D:6      | Noticed ragingrage's ghost (novice MfGl)
  6762 | D:6      | Noticed Pikel
  6846 | D:6      | Noticed Edmund
  6869 | D:6      | Killed Edmund
  7019 | D:6      | Noticed Menkaure
  7245 | D:6      | Paralysed by Pikel for 2 turns
  7249 | D:6      | Killed Pikel
  7250 | D:6      | Reached skill level 5 in Fighting
  7250 | D:6      | Reached skill level 5 in Dodging
  7250 | D:6      | Reached XP level 9. HP: 56/68 MP: 9/9
  7757 | D:6      | Found a glowing golden altar of the Shining One.
  7965 | D:6      | Killed Menkaure
  8180 | D:7      | Noticed a hornet
  8447 | D:7      | Found an iron altar of Okawaru.
  8837 | D:7      | Reached * piety under Dithmenos
  9231 | D:7      | Reached XP level 10. HP: 71/77 MP: 10/10
  9351 | D:7      | Found a blossoming altar of Fedhas.
 10191 | D:8      | Found a staircase to the Lair.
 10419 | D:8      | Reached skill level 10 in Short Blades
 10492 | Lair:1   | Entered Level 1 of the Lair of Beasts
 10961 | D:8      | Noticed a manticore
 10974 | D:8      | Killed a manticore
 11948 | D:9      | Learned a level 2 spell: Ensorcelled Hibernation
 12289 | D:10     | Entered Level 10 of the Dungeon
 12410 | D:10     | Found a staircase to the Orcish Mines.
 12435 | D:10     | Reached ** piety under Dithmenos
 12444 | D:10     | Noticed a two-headed ogre
 12483 | D:10     | Killed a two-headed ogre
 12484 | D:10     | Reached skill level 1 in Spellcasting
 12484 | D:10     | Reached skill level 1 in Hexes
 12484 | D:10     | Reached XP level 11. HP: 18/86 MP: 11/13
 12866 | D:10     | Learned a level 3 spell: Summon Guardian Golem
 13989 | D:10     | Identified a scroll of acquirement
 13989 | D:10     | Acquired a +6 quick blade
 14467 | Lair:1   | Reached *** piety under Dithmenos
 14895 | Lair:1   | Reached skill level 5 in Throwing
 15669 | Lair:2   | Reached XP level 12. HP: 95/95 MP: 17/17
 15752 | Lair:2   | Noticed a six-headed hydra
 15770 | Lair:2   | Killed a six-headed hydra
 15853 | Lair:2   | You fall into a shaft and drop 1 floor!
 15872 | Lair:3   | Found a hole to the Spider Nest.
 16093 | Lair:2   | Found an iron altar of Okawaru.
 16203 | Lair:2   | Reached skill level 5 in Hexes
 16277 | Lair:2   | Reached **** piety under Dithmenos
 16409 | Lair:2   | Noticed a six-headed hydra
 16418 | Lair:2   | Killed a six-headed hydra
 16444 | Lair:2   | Noticed a five-headed hydra
 16452 | Lair:2   | Killed a five-headed hydra
 16647 | Lair:2   | Got the Almanac of Venom
 16993 | Lair:3   | Reached skill level 10 in Fighting
 17029 | Lair:3   | Found a staircase to the Shoals.
 17079 | Lair:2   | Reached skill level 10 in Dodging
 17221 | Lair:2   | Reached XP level 13. HP: 76/103 MP: 18/18
 17567 | Lair:3   | Reached skill level 1 in Invocations
 17980 | Lair:4   | Noticed a four-headed hydra
 17984 | Lair:4   | Killed a four-headed hydra
 18297 | Lair:4   | Noticed a seven-headed hydra
 18314 | Lair:4   | Killed a seven-headed hydra
 18442 | Lair:4   | Reached ***** piety under Dithmenos
 18559 | Lair:4   | Noticed an eight-headed hydra
 18563 | Lair:4   | Killed an eight-headed hydra
 19349 | Lair:4   | Mangled by a komodo dragon

Illustrated notes

Levels and vault maps discovered:
D:1:      minmay_arrival_open_corners, layout_basic, basic_ecumenical_altar
D:2:      layout_loops_ring, serial_shops, shop, uniq_crazy_yiuf_cottage
D:3:      layout_basic, nicolae_figureground_sparkle
D:4:      layout_cave_pools, ashenzari_conservatory_becter,
          minmay_temple_entry_drinking_statues
D:5:      layout_cave_pods
D:6:      layout_basic, lemuel_tele_altar, gammafunk_ghost_nasty_kobolds,
          uniq_edmund, uniq_menkaure, uniq_pikel
D:7:      layout_gridville, mainiacjoe_overflow_catwalk_spiral
D:8:      layout_loops_ring, grunt_lair_entry_orc_guard_hut
D:9:      layout_long_grid, kennysheep_generic_room_8
D:10:     layout_roguey, zombieorc2_lemuel
Temple:   compressed_dpeg_circular_temple
Lair:1:   layout_long_grid, serial_bayou_shore_a, grunt_megastairs_1
Lair:2:   nzn_winding_woodlands_medium [nzn_winding_woodlands_5x5_cross,
          nzn_winding_woodlands_5x15_split_checker,
          nzn_winding_woodlands_5x5_open_star,
          nzn_winding_woodlands_5x5_checkerboard,
          nzn_winding_woodlands_center_diamonds,
          nzn_winding_woodlands_5x5_perimeter, nzn_winding_woodlands_hourglass,
          nzn_winding_woodlands_5x15_garden,
          nzn_winding_woodlands_5x5_closed_star], layout_regular_city,
          basic_altar
Lair:3:   layout_roguey, minmay_shoals_entry_centaurs, spider_nest_entry_rubble
Lair:4:   layout_regular_city, lemuel_old_faithful, grunt_megastairs_3
Lair:5:   layout_regular_city, minmay_slime_entry_oklob_enclosed,
          infiniplex_staircase_pool, grunt_megastairs_2

Skill      XL: |  1  2  3  4  5  6  7  8  9 10 11 12 13 |
---------------+----------------------------------------+-----
Short Blades   | 3 4 5 7 9 10 | 10.0
Dodging        | 2 3 5 6 8 10 | 10.8
Fighting       | 3 5 6 8 9 10 | 10.8
Throwing       | 3 5 7 8 |  8.0
Stealth        | 5 6 8 9 |  9.5
Spellcasting   | 1 3 |  3.5
Hexes          | 1 3 5 7 |  7.3
Invocations    | 4 |  4.3

Action                   |  1- 3 |  4- 6 |  7- 9 | 10-12 | 13-15 || total
-------------------------+-------+-------+-------+-------+-------++-------
Melee: Dagger            |   114 |   158 |   337 |   438 |       ||  1047
       Quick blade       |       |       |       |   239 |   179 ||   418
Throw: Dart              |       |     4 |    48 |     1 |       ||    53
 Cast: Ensorcelled Hiber |       |       |       |     1 |       ||     1
       Summon Guardian G |       |       |       |     1 |       ||     1
Evoke: Wand              |       |       |     6 |     2 |       ||     8
  Use: Potion            |       |     4 |     2 |     4 |       ||    10
       Scroll            |       |     4 |     5 |     5 |       ||    14
 Stab: Sleeping          |    10 |     5 |     8 |    29 |    13 ||    65
       Distracted        |       |     1 |     2 |    10 |     5 ||    18
Armor: Robe              |    15 |    45 |    78 |    80 |    16 ||   234
       Skin              |       |       |     6 |       |       ||     6
Dodge: Dodged            |    55 |    93 |   180 |   321 |    75 ||   724

Table legend: (Time is in decaauts)
 A = Elapsed time spent in this place.
 B = Non-inter-level travel time spent in this place.
 C = Inter-level travel time spent in this place.
 D = Time resting spent in this place.
 E = Time spent auto-exploring this place.
 F = Levels seen in this place.
 G = Mean time per level.
                   A        B        C        D        E       F      G
               +--------+--------+--------+--------+--------+-----+--------+
         Total |  18700 |  17736 |    964 |   4278 |  10331 |  16 | 1168.8 |
       Dungeon |  13509 |  12663 |    846 |   3235 |   7125 |  10 | 1350.9 |
        Temple |    104 |     70 |     34 |      0 |     42 |   1 |  104.0 |
          Lair |   5085 |   5001 |     84 |   1043 |   3164 |   5 | 1017.0 |
               +--------+--------+--------+--------+--------+-----+--------+

Top non-repeatable levels by time:
     D:6: 1822 daAuts
     D:5: 1794 daAuts
     D:1: 1706 daAuts
    D:10: 1599 daAuts
  Lair:1: 1559 daAuts
     D:8: 1362 daAuts
  Lair:2: 1343 daAuts
     D:7: 1304 daAuts
     D:3: 1295 daAuts
  Lair:4: 1178 daAuts
  Lair:3: 987 daAuts
     D:2: 920 daAuts
     D:9: 888 daAuts
     D:4: 815 daAuts
  Temple: 104 daAuts
